 Dungeon Crawl Stone Soup version 0.18.1-8-gdd0e5ea (webtiles) character file.

9 M4edhros the Grave Robber (level 2, -2/17 HPs)
             Began as an Octopode Necromancer on June 6, 2016.
             Slain by a kobold
             ... wielding a +0 club
              (5 damage)
             ... on level 1 of the Dungeon on June 7, 2016.
             The game lasted 00:01:56 (185 turns).

M4edhros the Grave Robber (Octopode Necromancer)     Turns: 185, Time: 00:01:57

Health: -2/17      AC:  6    Str:  7    XL:     2   Next: 16%
Magic:  1/5        EV: 12    Int: 17    God:
Gold:   21         SH:  0    Dex: 12    Spells: 1 memorised, 4 levels left

rFire  . . .     SeeInvis .     j - +1 mace (protect)
rCold  . . .     Gourm    .     (no shield)
rNeg   . . .     Faith    .     (helmet restricted)
rPois  .         Spirit   .     (no amulet)
rElec  .         Dismiss  .     (no ring)
rCorr  .         Reflect  .     (no ring)
SustAt .         Harm     .     (no ring)
MR     .....                    (no ring)
Stlth  +++.......               (no ring)
                                (no ring)
                                (no ring)
                                (no ring)

@: very slightly contaminated, not resistant to hostile enchantments, fairly
stealthy
A: almost no armour, amphibious, 8 rings, constrict 8, camouflage 1, gelatinous
body 1
a: no special abilities


You were on level 1 of the Dungeon.
You were not hungry.

You visited 1 branch of the dungeon, and saw 1 of its levels.

You collected 21 gold pieces.

Inventory:

Hand Weapons
 j - a +1 mace of protection (weapon)
Scrolls
 g - a scroll of remove curse {unknown}
 h - a scroll of identify {unknown}
Potions
 c - a potion of flight {unknown}
 e - a potion of brilliance {unknown}
 f - a potion of agility {unknown}
Books
 a - a book of Necromancy

   Spells                             Type                      Level
   a - Pain                           Necromancy                   1
   b - Animate Skeleton               Necromancy                   1
   c - Vampiric Draining              Necromancy                   3
   d - Regeneration                   Charms/Necromancy            3
   e - Animate Dead                   Necromancy                   4
   f - Control Undead                 Necromancy                   4
Comestibles
 b - 2 bread rations
 d - a slice of pizza
 i - a beef jerky


   Skills:
 - Level 2.0 Dodging
 - Level 2.6 Stealth
 + Level 1.7 Unarmed Combat
 - Level 2.0 Spellcasting
 - Level 4.0 Necromancy


You had 4 spell levels left.
You knew the following spells:

 Your Spells              Type           Power        Failure   Level  Hunger
a - Pain                  Necr           ###.         3%          1    #......


Dungeon Overview and Level Annotations

Branches:
Dungeon (1/15)

Altars:


Innate Abilities, Weirdness & Mutations

You cannot wear most types of armour.
You are amphibious.
You can wear up to eight rings at the same time.
You can use your tentacles to constrict eight enemies at once.
Your skin changes colour to match your surroundings (Stealth).
Your rubbery body absorbs attacks (AC +1).


Message History

A kobold comes into view. It is wielding a club.
You barely miss the kobold.
The kobold shouts!
You grab the kobold.
You squeeze the kobold, but do no damage.
You constrict the kobold, but do no damage.
You constrict the giant newt.
You kill the giant newt!
The kobold hits you with a whip.
* * * LOW HITPOINT WARNING * * *
You hit the kobold.
The kobold is heavily wounded.
You constrict the kobold. The kobold closely misses you.
Unknown command.
You hit the kobold.
You kill the kobold!
An ooze comes into view.
Unknown command.
You swing at nothing.
The kobold hits you with a club.
You die...

...###'###.............
.....#.#...............#
..##.....#.............#
..##..#.##...........J.#
..##....###.............
..##....# #...........#
..####..# #...(.......+
..####..# #.....$K....#
.......>. #...†.@.....#
#.........#......†....#
.........#...........#
...... #.....)[....#
...... #.........%.#
..... ########......
.... $..... ......


You could see an ooze (wandering) and a kobold.

Vanquished Creatures
  4 goblins (D:1)
  A giant newt (D:1)
  3 kobolds (D:1)
8 creatures vanquished.

Notes
Turn   | Place    | Note
--------------------------------------------------------------
     0 | D:1      | M4edhros the Octopode Necromancer began the quest for the Orb.
     0 | D:1      | Reached XP level 1. HP: 11/11 MP: 3/3
     2 | D:1      | Noticed a demigod
     2 | D:1      | Noticed a naga
     4 | D:1      | Noticed a centaur
     4 | D:1      | Noticed a dwarf
    12 | D:1      | Noticed an octopode
    12 | D:1      | Noticed a draconian
    14 | D:1      | Noticed a ghoul
    16 | D:1      | Noticed a vampire
    16 | D:1      | Noticed a vine stalker
    18 | D:1      | Noticed a minotaur
    18 | D:1      | Noticed a troll
    20 | D:1      | Noticed a formicid
    22 | D:1      | Noticed a human
    22 | D:1      | Noticed an ogre
    24 | D:1      | Noticed a demonspawn
    24 | D:1      | Noticed a halfling
    26 | D:1      | Noticed a gargoyle
    26 | D:1      | Noticed a felid
    28 | D:1      | Noticed a spriggan
    28 | D:1      | Noticed a merfolk
    30 | D:1      | Noticed an elf
    30 | D:1      | Noticed a tengu
    78 | D:1      | Reached skill level 1 in Unarmed Combat
   178 | D:1      | Reached XP level 2. HP: 9/17 MP: 0/5
   185 | D:1      | Slain by a kobold

Skill      XL: |  1 |
---------------+----+-----
Unarmed Combat | 1 |  1.7
Dodging        | |  2.0
Stealth        | |  2.6
Spellcasting   | |  2.0
Necromancy     | |  4.0

Action                   || total
-------------------------++-------
Melee: Unarmed           ||     5
       Constrict         ||     3
       Mace              ||     4
       Tentacles         ||     1
 Cast: Pain              ||     5
Armor: Skin              ||     2
Dodge: Dodged            ||     8
